 Dungeon Crawl Stone Soup version 0.31.0-32-g396128a36d (webtiles) character file.

Game seed: 12986770981850890595

19 Egg the Apothecary (level 2, 0/17 HPs)
             Began as an Octopode Alchemist on Mar 22, 2024.
             Slain by a quokka (3 damage)
             ... on level 1 of the Dungeon.
             The game lasted 00:00:53 (378 turns).

Egg the Apothecary (Octopode Alchemist)              Turns: 378, Time: 00:00:54

Health: 0/17       AC:  1    Str:  7    XL:     2   Next: 75%
Magic:  5/5        EV: 13    Int: 17    God:
Gold:   44         SH:  0    Dex: 12    Spells: 4/5 levels left

rFire   . . .        b - +0 long sword
rCold   . . .        (no shield)
rNeg    . . .        (helmet restricted)
rPois   .            (no amulet)
rElec   .            (no ring)
rCorr   .            (no ring)
SInv    .            (no ring)
Will    .....        (no ring)
Stlth   +++          (no ring)
HPRegen 0.22/turn    (no ring)
MPRegen 0.09/turn    (no ring)
                     (no ring)

%: no passive effects
@: no status effects
A: almost no armour, amphibious, 8 rings, camouflage 1, gelatinous body 1,
(nimble swimmer 1), tentacles
a: no special abilities


You were on level 1 of the Dungeon.
You visited 1 branch of the dungeon, and saw 1 of its levels.

You collected 44 gold pieces.

Inventory:

Hand Weapons
 b - a +0 long sword (weapon)
Scrolls
 c - a scroll of teleportation {unknown}
Potions
 a - a potion of magic


   Skills:
 - Level 2.0 Dodging
 - Level 2.6 Stealth
 - Level 2.0 Spellcasting
 - Level 1.0 Conjurations
 * Level 4.3 Alchemy


You had 4 spell levels left.
You knew the following spells:

 Your Spells              Type           Power      Damage    Failure   Level
a - Sting                 Conj/Alch      40%        1d5       6%          1

Your spell library contained the following spells:

 Spells                   Type           Power      Damage    Failure   Level
 Mercury Vapours          Alch/Air       18%        N/A       12%         2
 Mephitic Cloud           Conj/Alch/Air  7%         N/A       28%         3
 Olgreb's Toxic Radiance  Alch           16%        N/A       32%         4
 Sticky Flame             Fire/Alch      9%         2d5       61%         4


Dungeon Overview and Level Annotations

Branches:
Dungeon (1/15)

Altars:


Innate Abilities, Weirdness & Mutations

You cannot wear most types of armour.
You are amphibious.
You can wear up to eight rings at the same time.
Your skin changes colour to match your surroundings (Stealth+).
Your rubbery body absorbs attacks. (AC +1, EV +1)
((You are camouflaged when in or above water. (Stealth+)))
You have tentacles for arms and can constrict up to eight enemies at once.


Message History

The jackal is almost dead.
You constrict the jackal, but do no damage.
The jackal closely misses you. The jackal barely misses you.
You hit the jackal.
You kill the jackal!
The jackal closely misses you.
You barely miss the jackal. Your grab misses the jackal.
The jackal bites you. x2
You closely miss the jackal. Your grab misses the jackal.
The jackal misses you. The jackal closely misses you.
You miss the jackal. You grab the jackal. You squeeze the jackal.
The jackal is lightly wounded.
You constrict the jackal, but do no damage.
The jackal bites you. The jackal closely misses you.
You slash the jackal!
You kill the jackal!
The jackal barks!
The jackal barely misses you.
You completely miss the jackal. Your grab misses the jackal.
The jackal closely misses you. x2; The jackal bites you.
You hit the jackal. Your grab misses the jackal. You squeeze the jackal.
The jackal is almost dead.
The jackal closely misses you. The jackal misses you.
The jackal barely misses you. The jackal bites you.
You closely miss the jackal. Your grab misses the jackal.
The jackal barely misses you. x2; The jackal bites you. x2
A quokka comes into view.
You closely miss the jackal. Your grab misses the jackal.
You squeeze the jackal.
You kill the jackal!
The jackal closely misses you. The jackal bites you.
You closely miss the jackal. Your grab misses the jackal.
Your squeeze misses the jackal. The quokka misses you.
The jackal closely misses you. The quokka bites you.
The jackal barely misses you.
You miss the quokka. Your grab misses the quokka. The jackal bites you.
* * * LOW HITPOINT WARNING * * *
The quokka barely misses you. The jackal bites you.
* * * LOW HITPOINT WARNING * * *
The quokka bites you.
You die...

.# ##.#. ## ##.....
###.# ###.#.....
##..######..##...#
#.@†..#.#........#
#r.h..#.#.....#..#
#.#.....#.#....#..##
#.#.....#.#....#....
# ###..######..#..#
..### #..##...## ###
###.#.....
##..####.##
#........#


You could see a quokka and a jackal.

Vanquished Creatures
  A dart slug (D:1)
  3 ball pythons (D:1)
  A bat (D:1)
  A goblin (D:1)
  2 hobgoblins (D:1)
  3 jackals (D:1)
  2 frilled lizards (D:1)
  2 kobolds (D:1)
15 creatures vanquished.

Notes
Turn   | Place    | Note
-------+----------+-------------------------------------------
     0 | D:1      | Egg the Octopode Alchemist began the quest for the Orb.
     0 | D:1      | Reached XP level 1. HP: 11/11 MP: 3/3
   173 | D:1      | Reached XP level 2. HP: 14/17 MP: 5/5
   245 | D:1      | Reached skill level 4 in Alchemy
   378 | D:1      | Slain by a quokka

Illustrated notes

Levels and vault maps discovered:
D:1:      elethiomel_arrival_shortcut, layout_basic,
          nicolae_houndstooth_variations

Skill      XL: |  1  2 |
---------------+-------+-----
Alchemy        | 4 |  4.3
Dodging        | |  2.0
Stealth        | |  2.6
Spellcasting   | |  2.0
Conjurations   | |  1.0

Action                     || total
---------------------------++-------
  Melee: Unarmed           ||     9
         Constrict         ||    10
         Long sword        ||    27
         Tentacles         ||     7
   Cast: Sting             ||     3
   Stab: Sleeping          ||     3
 Armour: Skin              ||    23
  Dodge: Dodged            ||    34
